%YAML 1.1
%TAG !u! tag:unity3d.com,2011:
--- !u!1 &825082796904327842
GameObject:
  m_ObjectHideFlags: 0
  m_CorrespondingSourceObject: {fileID: 0}
  m_PrefabInstance: {fileID: 0}
  m_PrefabAsset: {fileID: 0}
  serializedVersion: 6
  m_Component:
  - component: {fileID: 825082796904327841}
  - component: {fileID: 9208326829546399289}
  m_Layer: 0
  m_Name: 2Turret2Guard
  m_TagString: Untagged
  m_Icon: {fileID: 0}
  m_NavMeshLayer: 0
  m_StaticEditorFlags: 0
  m_IsActive: 1
--- !u!4 &825082796904327841
Transform:
  m_ObjectHideFlags: 0
  m_CorrespondingSourceObject: {fileID: 0}
  m_PrefabInstance: {fileID: 0}
  m_PrefabAsset: {fileID: 0}
  m_GameObject: {fileID: 825082796904327842}
  m_LocalRotation: {x: 0, y: 0, z: 0, w: 1}
  m_LocalPosition: {x: 0, y: 0, z: 0}
  m_LocalScale: {x: 1, y: 1, z: 1}
  m_Children:
  - {fileID: 9168286550345190983}
  - {fileID: 390941908376018341}
  - {fileID: 4353318033851411810}
  - {fileID: 6749136423728759813}
  m_Father: {fileID: 0}
  m_RootOrder: 0
  m_LocalEulerAnglesHint: {x: 0, y: 0, z: 0}
--- !u!114 &9208326829546399289
MonoBehaviour:
  m_ObjectHideFlags: 0
  m_CorrespondingSourceObject: {fileID: 0}
  m_PrefabInstance: {fileID: 0}
  m_PrefabAsset: {fileID: 0}
  m_GameObject: {fileID: 825082796904327842}
  m_Enabled: 1
  m_EditorHideFlags: 0
  m_Script: {fileID: 11500000, guid: 7ac7f82c93beccd4cbac8e3347e361a8, type: 3}
  m_Name: 
  m_EditorClassIdentifier: 
  initialEnemies: 4
--- !u!1001 &4150203787911880230
PrefabInstance:
  m_ObjectHideFlags: 0
  serializedVersion: 2
  m_Modification:
    m_TransformParent: {fileID: 825082796904327841}
    m_Modifications:
    - target: {fileID: 4392306798739522438, guid: 76238f44843d2df4987f7beb95198c41,
        type: 3}
      propertyPath: m_Name
      value: MobileTurretEnemy (1)
      objectReference: {fileID: 0}
    - target: {fileID: 4392306798739522435, guid: 76238f44843d2df4987f7beb95198c41,
        type: 3}
      propertyPath: m_LocalPosition.x
      value: 0.665
      objectReference: {fileID: 0}
    - target: {fileID: 4392306798739522435, guid: 76238f44843d2df4987f7beb95198c41,
        type: 3}
      propertyPath: m_LocalPosition.y
      value: 0.265
      objectReference: {fileID: 0}
    - target: {fileID: 4392306798739522435, guid: 76238f44843d2df4987f7beb95198c41,
        type: 3}
      propertyPath: m_LocalPosition.z
      value: 0
      objectReference: {fileID: 0}
    - target: {fileID: 4392306798739522435, guid: 76238f44843d2df4987f7beb95198c41,
        type: 3}
      propertyPath: m_LocalRotation.x
      value: 0
      objectReference: {fileID: 0}
    - target: {fileID: 4392306798739522435, guid: 76238f44843d2df4987f7beb95198c41,
        type: 3}
      propertyPath: m_LocalRotation.y
      value: 0
      objectReference: {fileID: 0}
    - target: {fileID: 4392306798739522435, guid: 76238f44843d2df4987f7beb95198c41,
        type: 3}
      propertyPath: m_LocalRotation.z
      value: 0
      objectReference: {fileID: 0}
    - target: {fileID: 4392306798739522435, guid: 76238f44843d2df4987f7beb95198c41,
        type: 3}
      propertyPath: m_LocalRotation.w
      value: 1
      objectReference: {fileID: 0}
    - target: {fileID: 4392306798739522435, guid: 76238f44843d2df4987f7beb95198c41,
        type: 3}
      propertyPath: m_RootOrder
      value: 1
      objectReference: {fileID: 0}
    - target: {fileID: 4392306798739522435, guid: 76238f44843d2df4987f7beb95198c41,
        type: 3}
      propertyPath: m_LocalEulerAnglesHint.x
      value: 0
      objectReference: {fileID: 0}
    - target: {fileID: 4392306798739522435, guid: 76238f44843d2df4987f7beb95198c41,
        type: 3}
      propertyPath: m_LocalEulerAnglesHint.y
      value: 0
      objectReference: {fileID: 0}
    - target: {fileID: 4392306798739522435, guid: 76238f44843d2df4987f7beb95198c41,
        type: 3}
      propertyPath: m_LocalEulerAnglesHint.z
      value: 0
      objectReference: {fileID: 0}
    m_RemovedComponents: []
  m_SourcePrefab: {fileID: 100100000, guid: 76238f44843d2df4987f7beb95198c41, type: 3}
--- !u!4 &390941908376018341 stripped
Transform:
  m_CorrespondingSourceObject: {fileID: 4392306798739522435, guid: 76238f44843d2df4987f7beb95198c41,
    type: 3}
  m_PrefabInstance: {fileID: 4150203787911880230}
  m_PrefabAsset: {fileID: 0}
--- !u!1001 &4468749569718964775
PrefabInstance:
  m_ObjectHideFlags: 0
  serializedVersion: 2
  m_Modification:
    m_TransformParent: {fileID: 825082796904327841}
    m_Modifications:
    - target: {fileID: 175121010092457796, guid: 0aa3e9b3431df6847b73558f8a933b15,
        type: 3}
      propertyPath: m_Name
      value: RobotGuardEnemy
      objectReference: {fileID: 0}
    - target: {fileID: 175121010092457797, guid: 0aa3e9b3431df6847b73558f8a933b15,
        type: 3}
      propertyPath: m_LocalPosition.x
      value: -0.525
      objectReference: {fileID: 0}
    - target: {fileID: 175121010092457797, guid: 0aa3e9b3431df6847b73558f8a933b15,
        type: 3}
      propertyPath: m_LocalPosition.y
      value: -0.32
      objectReference: {fileID: 0}
    - target: {fileID: 175121010092457797, guid: 0aa3e9b3431df6847b73558f8a933b15,
        type: 3}
      propertyPath: m_LocalPosition.z
      value: 0
      objectReference: {fileID: 0}
    - target: {fileID: 175121010092457797, guid: 0aa3e9b3431df6847b73558f8a933b15,
        type: 3}
      propertyPath: m_LocalRotation.x
      value: 0
      objectReference: {fileID: 0}
    - target: {fileID: 175121010092457797, guid: 0aa3e9b3431df6847b73558f8a933b15,
        type: 3}
      propertyPath: m_LocalRotation.y
      value: 0
      objectReference: {fileID: 0}
    - target: {fileID: 175121010092457797, guid: 0aa3e9b3431df6847b73558f8a933b15,
        type: 3}
      propertyPath: m_LocalRotation.z
      value: 0
      objectReference: {fileID: 0}
    - target: {fileID: 175121010092457797, guid: 0aa3e9b3431df6847b73558f8a933b15,
        type: 3}
      propertyPath: m_LocalRotation.w
      value: 1
      objectReference: {fileID: 0}
    - target: {fileID: 175121010092457797, guid: 0aa3e9b3431df6847b73558f8a933b15,
        type: 3}
      propertyPath: m_RootOrder
      value: 2
      objectReference: {fileID: 0}
    - target: {fileID: 175121010092457797, guid: 0aa3e9b3431df6847b73558f8a933b15,
        type: 3}
      propertyPath: m_LocalEulerAnglesHint.x
      value: 0
      objectReference: {fileID: 0}
    - target: {fileID: 175121010092457797, guid: 0aa3e9b3431df6847b73558f8a933b15,
        type: 3}
      propertyPath: m_LocalEulerAnglesHint.y
      value: 0
      objectReference: {fileID: 0}
    - target: {fileID: 175121010092457797, guid: 0aa3e9b3431df6847b73558f8a933b15,
        type: 3}
      propertyPath: m_LocalEulerAnglesHint.z
      value: 0
      objectReference: {fileID: 0}
    m_RemovedComponents: []
  m_SourcePrefab: {fileID: 100100000, guid: 0aa3e9b3431df6847b73558f8a933b15, type: 3}
--- !u!4 &4353318033851411810 stripped
Transform:
  m_CorrespondingSourceObject: {fileID: 175121010092457797, guid: 0aa3e9b3431df6847b73558f8a933b15,
    type: 3}
  m_PrefabInstance: {fileID: 4468749569718964775}
  m_PrefabAsset: {fileID: 0}
--- !u!1001 &4884391057044147652
PrefabInstance:
  m_ObjectHideFlags: 0
  serializedVersion: 2
  m_Modification:
    m_TransformParent: {fileID: 825082796904327841}
    m_Modifications:
    - target: {fileID: 4392306798739522438, guid: 76238f44843d2df4987f7beb95198c41,
        type: 3}
      propertyPath: m_Name
      value: MobileTurretEnemy
      objectReference: {fileID: 0}
    - target: {fileID: 4392306798739522435, guid: 76238f44843d2df4987f7beb95198c41,
        type: 3}
      propertyPath: m_LocalPosition.x
      value: -0.695
      objectReference: {fileID: 0}
    - target: {fileID: 4392306798739522435, guid: 76238f44843d2df4987f7beb95198c41,
        type: 3}
      propertyPath: m_LocalPosition.y
      value: 0.25
      objectReference: {fileID: 0}
    - target: {fileID: 4392306798739522435, guid: 76238f44843d2df4987f7beb95198c41,
        type: 3}
      propertyPath: m_LocalPosition.z
      value: 0
      objectReference: {fileID: 0}
    - target: {fileID: 4392306798739522435, guid: 76238f44843d2df4987f7beb95198c41,
        type: 3}
      propertyPath: m_LocalRotation.x
      value: 0
      objectReference: {fileID: 0}
    - target: {fileID: 4392306798739522435, guid: 76238f44843d2df4987f7beb95198c41,
        type: 3}
      propertyPath: m_LocalRotation.y
      value: 0
      objectReference: {fileID: 0}
    - target: {fileID: 4392306798739522435, guid: 76238f44843d2df4987f7beb95198c41,
        type: 3}
      propertyPath: m_LocalRotation.z
      value: 0
      objectReference: {fileID: 0}
    - target: {fileID: 4392306798739522435, guid: 76238f44843d2df4987f7beb95198c41,
        type: 3}
      propertyPath: m_LocalRotation.w
      value: 1
      objectReference: {fileID: 0}
    - target: {fileID: 4392306798739522435, guid: 76238f44843d2df4987f7beb95198c41,
        type: 3}
      propertyPath: m_RootOrder
      value: 0
      objectReference: {fileID: 0}
    - target: {fileID: 4392306798739522435, guid: 76238f44843d2df4987f7beb95198c41,
        type: 3}
      propertyPath: m_LocalEulerAnglesHint.x
      value: 0
      objectReference: {fileID: 0}
    - target: {fileID: 4392306798739522435, guid: 76238f44843d2df4987f7beb95198c41,
        type: 3}
      propertyPath: m_LocalEulerAnglesHint.y
      value: 0
      objectReference: {fileID: 0}
    - target: {fileID: 4392306798739522435, guid: 76238f44843d2df4987f7beb95198c41,
        type: 3}
      propertyPath: m_LocalEulerAnglesHint.z
      value: 0
      objectReference: {fileID: 0}
    m_RemovedComponents: []
  m_SourcePrefab: {fileID: 100100000, guid: 76238f44843d2df4987f7beb95198c41, type: 3}
--- !u!4 &9168286550345190983 stripped
Transform:
  m_CorrespondingSourceObject: {fileID: 4392306798739522435, guid: 76238f44843d2df4987f7beb95198c41,
    type: 3}
  m_PrefabInstance: {fileID: 4884391057044147652}
  m_PrefabAsset: {fileID: 0}
--- !u!1001 &6901652564434254656
PrefabInstance:
  m_ObjectHideFlags: 0
  serializedVersion: 2
  m_Modification:
    m_TransformParent: {fileID: 825082796904327841}
    m_Modifications:
    - target: {fileID: 175121010092457796, guid: 0aa3e9b3431df6847b73558f8a933b15,
        type: 3}
      propertyPath: m_Name
      value: RobotGuardEnemy (1)
      objectReference: {fileID: 0}
    - target: {fileID: 175121010092457797, guid: 0aa3e9b3431df6847b73558f8a933b15,
        type: 3}
      propertyPath: m_LocalPosition.x
      value: 0.585
      objectReference: {fileID: 0}
    - target: {fileID: 175121010092457797, guid: 0aa3e9b3431df6847b73558f8a933b15,
        type: 3}
      propertyPath: m_LocalPosition.y
      value: -0.69
      objectReference: {fileID: 0}
    - target: {fileID: 175121010092457797, guid: 0aa3e9b3431df6847b73558f8a933b15,
        type: 3}
      propertyPath: m_LocalPosition.z
      value: 0
      objectReference: {fileID: 0}
    - target: {fileID: 175121010092457797, guid: 0aa3e9b3431df6847b73558f8a933b15,
        type: 3}
      propertyPath: m_LocalRotation.x
      value: 0
      objectReference: {fileID: 0}
    - target: {fileID: 175121010092457797, guid: 0aa3e9b3431df6847b73558f8a933b15,
        type: 3}
      propertyPath: m_LocalRotation.y
      value: 0
      objectReference: {fileID: 0}
    - target: {fileID: 175121010092457797, guid: 0aa3e9b3431df6847b73558f8a933b15,
        type: 3}
      propertyPath: m_LocalRotation.z
      value: 0
      objectReference: {fileID: 0}
    - target: {fileID: 175121010092457797, guid: 0aa3e9b3431df6847b73558f8a933b15,
        type: 3}
      propertyPath: m_LocalRotation.w
      value: 1
      objectReference: {fileID: 0}
    - target: {fileID: 175121010092457797, guid: 0aa3e9b3431df6847b73558f8a933b15,
        type: 3}
      propertyPath: m_RootOrder
      value: 3
      objectReference: {fileID: 0}
    - target: {fileID: 175121010092457797, guid: 0aa3e9b3431df6847b73558f8a933b15,
        type: 3}
      propertyPath: m_LocalEulerAnglesHint.x
      value: 0
      objectReference: {fileID: 0}
    - target: {fileID: 175121010092457797, guid: 0aa3e9b3431df6847b73558f8a933b15,
        type: 3}
      propertyPath: m_LocalEulerAnglesHint.y
      value: 0
      objectReference: {fileID: 0}
    - target: {fileID: 175121010092457797, guid: 0aa3e9b3431df6847b73558f8a933b15,
        type: 3}
      propertyPath: m_LocalEulerAnglesHint.z
      value: 0
      objectReference: {fileID: 0}
    m_RemovedComponents: []
  m_SourcePrefab: {fileID: 100100000, guid: 0aa3e9b3431df6847b73558f8a933b15, type: 3}
--- !u!4 &6749136423728759813 stripped
Transform:
  m_CorrespondingSourceObject: {fileID: 175121010092457797, guid: 0aa3e9b3431df6847b73558f8a933b15,
    type: 3}
  m_PrefabInstance: {fileID: 6901652564434254656}
  m_PrefabAsset: {fileID: 0}
